 Dungeon Crawl Stone Soup version 0.14-a0-2080-ge317583 (webtiles) character file.

262 Piginabag the Poker (level 5, 0/37 HPs)
             Began as a Formicid Chaos Knight on Jan 25, 2014.
             Was a Plaything of Xom.
             Succumbed to an adder's poison
             ... on Level 3 of the Dungeon.
             The game lasted 00:04:09 (2622 turns).

Piginabag the Poker (Formicid Chaos Knight)         Turns: 2622, Time: 00:04:10

HP   0/37        AC 12     Str 18      XL: 5   Next: 37%
MP   5/5         EV  9     Int 15      God: Xom
Gold 153         SH  0     Dex 13 (15) Spells:  0 memorised,  4 levels left

rFire  . . .     SeeInvis +     p - +0 trident
rCold  . . .     Clarity  .     o - +0 plate armour
rNeg   . . .     Conserve .     (no shield)
rPois  x         rCorr    .     (helmet unavailable)
rElec  .         rRot     .     (no cloak)
SustAb . .       Spirit   .     (no gloves)
rMut   .         Warding  .     (no boots)
Saprov . . .     Stasis   +     (no amulet)
MR     +....                    l - ring of protection from magic {unknown}
                                h - +4 ring of intelligence

@: agile, mildly poisoned, somewhat resistant to hostile enchantments, extremely
unstealthy
A: permanent stasis, dig shafts and tunnels, four strong arms, poison weakness,
antennae 3, exoskeleton 1
a: Dig, Shaft Self, Renounce Religion


You were on level 3 of the Dungeon.
You worshipped Xom.
You were a favourite toy of Xom.
You were not hungry.

You visited 1 branch of the dungeon, and saw 3 of its levels.

You collected 153 gold pieces.

Inventory:

Hand weapons
 a - a +0,+0 spear of chaos
 p - a +0,+0 trident (weapon)
Armour
 b - a +2 leather armour
 o - a +0 plate armour (worn)
Magical devices
 m - a wand of slowing (8)
Comestibles
 c - 3 bread rations
 f - 3 meat rations
Scrolls
 e - 2 scrolls of curse jewellery {unknown}
 i - a scroll of remove curse {unknown}
 k - a scroll of blinking {unknown}
 s - a scroll of magic mapping {unknown}
 t - a scroll of curse weapon {unknown}
 v - 3 scrolls of identify {unknown}
Jewellery
 h - a +4 ring of intelligence (left hand)
 l - a ring of protection from magic (right hand) {unknown}
 u - an uncursed ring of fire {unknown}
Potions
 d - a potion of restore abilities
 g - a potion of might
 j - a potion of degeneration


   Skills:
 + Level 4.0 Fighting
 + Level 4.6 Polearms
 - Level 2.4 Armour
 - Level 0.8 Dodging


You had 4 spell levels left.
You didn't know any spells.

Dungeon Overview and Level Annotations

Branches:
Dungeon (3/16)

Altars:

Annotations:
D:2 exclusions: downstairs and 1 more exclusion
D:3 Sigmund


Innate Abilities, Weirdness & Mutations

Your are under a permanent stasis effect.
You can dig through walls and to a lower floor.
Your four strong arms can wield any weapon, most with a shield.
You are susceptible to poison.
You have a pair of large antennae on your head (SInv).
Your body is surrounded by an exoskeleton. (AC +1)


Message History

* * * LOW HITPOINT WARNING * * *
You feel sick.
You feel a little better.
Drink which item? (? for menu, Esc to quit)
You are confused.
Xom is interested.
It was a potion of confusion.
Drink which item? (? for menu, Esc to quit)
You feel agile all of a sudden.
It was a potion of agility.
You start resting.
* * * LOW HITPOINT WARNING * * *
You feel sick.
You start resting.
You feel less confused.
* * * LOW HITPOINT WARNING * * *
You feel sick.
You start resting.
You die...
Xom snickers!

###.# # ##.####
#####...##.###.....#
#..................+
#.###.#.#.####.....##
#.###...#...#<.......
#....##.....#.......#
####.########.......#
#.# #.......# #@#
#......## #.#
###......# #.####
#........# #....#
#.##.....#
####.###.########
#...).# #######


There were no monsters in sight!

Vanquished Creatures
  Ijyb (D:2)
  5 adders
  A worm (D:2)
  An ooze (D:2)
  An orc (D:3)
  2 ball pythons (D:2)
  8 bats
  2 hobgoblins (D:1)
  7 jackals
  3 giant cockroaches
  A giant newt (D:1)
  4 goblins (D:1)
  A kobold (D:3)
  2 rats
  A bush (D:2)
40 creatures vanquished.

Notes
Turn   | Place    | Note
--------------------------------------------------------------
     0 | D:1      | Piginabag, the Formicid Chaos Knight, began the quest for the Orb.
     0 | D:1      | Reached XP level 1. HP: 16/16 MP: 1/1
    26 | D:1      | XOM: divination: magic mapping
    49 | D:1      | XOM: cast spell 'Cause Fear'
    68 | D:1      | Reached XP level 2. HP: 13/21 MP: 2/2
    73 | D:1      | XOM: noise
   550 | D:1      | XOM: mild Necr miscast
   590 | D:1      | Reached XP level 3. HP: 26/26 MP: 3/3
   803 | D:2      | Noticed Terence
   820 | D:2      | Noticed Terence
   820 | D:2      | Terence changed into Terence the giant cockroach
   820 | D:2      | XOM: polymorph Terence -> Terence the giant cockroach
   822 | D:2      | Killed Terence the giant cockroach
  1133 | D:2      | Noticed Ijyb
  1155 | D:2      | Killed Ijyb
  1155 | D:2      | Reached skill level 4 in Polearms
  1155 | D:2      | Reached XP level 4. HP: 27/31 MP: 4/4
  1744 | D:2      | Reached XP level 5. HP: 16/37 MP: 5/5
  2129 | D:2      | XOM: god gift: 60 gold pieces
  2213 | D:3      | Noticed Sigmund
  2620 | D:3      | HP: 1/37 [poisoned by an adder]
  2622 | D:3      | Succumbed to an adder's poison

Action                   |  1- 3 |  4- 6 || total
-------------------------+-------+-------++-------
Melee: Spear             |    69 |       ||    69
       Trident           |    28 |   214 ||   242
  Use: Potion            |       |     6 ||     6
 Stab: Paralysed         |     1 |       ||     1
